 Dungeon Crawl Stone Soup version 0.16.2-12-gd0ad4c3 (webtiles) character file.

52 schauveau the Digger (level 3, 0/19 HPs)
             Began as a Gargoyle Earth Elementalist on Oct 30, 2015.
             Slain by an adder (2 damage)
             ... on level 2 of the Dungeon.
             The game lasted 00:06:11 (1166 turns).

schauveau the Digger (Gargoyle Earth Elementalist)  Turns: 1166, Time: 00:06:11

Health: 0/19       AC:  5    Str: 11    XL:     3   Next: 85%
Magic:  3/6        EV: 12    Int: 16    God:
Gold:   81         SH:  0    Dex: 10    Spells: 1 memorised, 6 levels left

rFire  . . .     SeeInvis .     o - -3 hunting sling (curse)
rCold  . . .     Clarity  .     c - +0 robe
rNeg   + . .     SustAb   .     (no shield)
rPois  ∞         Gourm    .     (no helmet)
rElec  +         Spirit   .     (no cloak)
rCorr  .         Warding  .     (no gloves)
rMut   .         Stasis   .     (no boots)
MR     .....                    (no amulet)
Stlth  ++........               (no ring)
                                (no ring)

@: not resistant to hostile enchantments, unstealthy
A: negative energy resistance 1, electricity resistance, unbreathing,
petrification resistance, rot immunity, AC +3
a: no special abilities


You were on level 2 of the Dungeon.
You were not hungry.

You visited 1 branch of the dungeon, and saw 3 of its levels.

You collected 81 gold pieces.

Inventory:

Hand weapons
 a - a +0 hunting sling
 i - a +0 club
 o - a cursed -3 hunting sling (weapon)
Missiles
 b - 66 stones
 e - 28 sling bullets (quivered)
 f - 11 poisoned needles
 q - 15 exploding sling bullets
Armour
 c - a +0 robe (worn)
 h - a +0 shield
Jewellery
 r - an uncursed ring of teleport control {unknown}
Scrolls
 k - a scroll of teleportation
 l - a scroll of immolation
Potions
 m - a potion of magic
 n - a potion of curing {unknown}
 p - a potion of poison {unknown}
Books
 d - a book of Geomancy

   Spells                             Type                      Level
   a - Sandblast                      Earth                        1
   b - Stoneskin                      Transmutation/Earth          2
   c - Passwall                       Transmutation/Earth          3
   d - Stone Arrow                    Conjuration/Earth            3
   e - Petrify                        Transmutation/Earth          4
   f - Lee's Rapid Deconstruction     Earth                        5
Comestibles
 g - a bread ration
 j - a chunk of flesh


   Skills:
 - Level 1.5 Dodging
 - Level 2.1 Stealth
 + Level 2.9 Spellcasting
   Level 0.7 Transmutations
 * Level 4.8 Earth Magic


You had 6 spell levels left.
You knew the following spells:

 Your Spells              Type           Power        Failure   Level  Hunger
a - Sandblast             Erth           ###...       2%          1    #......


Dungeon Overview and Level Annotations

Branches:
Dungeon (3/15)

Altars:


Innate Abilities, Weirdness & Mutations

You are resistant to torment.
You are immune to poison.
Your stone body is very resilient (AC +3).
You resist negative energy.
You are resistant to electric shocks.
You can survive without breathing.
You are immune to petrification.
You are immune to rotting.


Message History

Press: ? - help, Shift-Dir - straight line, f/p - adder
Aim: an adder (severely wounded)
You shoot a sling bullet.
The sling bullet barely misses the adder.
The adder bites you.
* * * LOW HITPOINT WARNING * * *
Firing (i - inventory. (,) - cycle):
e - 30 sling bullets (quivered)
Press: ? - help, Shift-Dir - straight line, f/p - adder
Aim: an adder (severely wounded)
You shoot a sling bullet. The sling bullet misses the adder.
The adder misses you. The adder bites you.
* * * LOW HITPOINT WARNING * * *
Firing (i - inventory. (,) - cycle):
e - 29 sling bullets (quivered)
Press: ? - help, Shift-Dir - straight line, f/p - adder
Aim: an adder (severely wounded)
You shoot a sling bullet.
The sling bullet barely misses the adder.
The adder barely misses you. The adder bites you.
You die...

#.##.. #######.##
..........# #####....#####
#...........
#######.........##
#.....#...........
#..#.####.....#.........##
(......(S@....#.##...####
#..###.#......#.##...#
#.#..............# #.
##.##..##.###### ..
##.#..##.# . #.......
#.##.##.## #.# #.#### ####
.. #...# #...


You could see an adder.

Vanquished Creatures
  3 adders (D:2)
  A giant gecko (D:1)
  3 bats (D:1)
  2 hobgoblins (D:1)
  3 jackals (D:1)
  4 kobolds
  5 giant cockroaches
  A giant newt (D:2)
  2 goblins (D:1)
  2 quokkas
  2 rats (D:1)
28 creatures vanquished.

Notes
Turn   | Place    | Note
--------------------------------------------------------------
     0 | D:1      | schauveau, the Gargoyle Earth Elementalist, began the quest for the Orb.
     0 | D:1      | Reached XP level 1. HP: 10/10 MP: 3/3
   197 | D:1      | Reached XP level 2. HP: 6/15 MP: 1/5
   279 | D:1      | Reached skill level 4 in Earth Magic
   858 | D:1      | Reached XP level 3. HP: 19/19 MP: 6/6
  1166 | D:2      | Slain by an adder

Action                   || total
-------------------------++-------
Melee: Club              ||    22
 Fire: Hunting sling     ||    56
 Cast: Sandblast         ||    34
  Use: Scroll            ||     3
  Eat: Chunk             ||     1
